 Dungeon Crawl Stone Soup version 0.23-a0-622-g59b4ea9c50 (webtiles) character file.

240 Adamkad1 the Sneak (level 5, 0/24 HPs)
             Began as a Spriggan Enchanter on Dec 24, 2018.
             Slain by a gnoll
             ... wielding a +0 spear
              (9 damage)
             ... on level 3 of the Dungeon.
             The game lasted 00:08:11 (3163 turns).

Adamkad1 the Sneak (Spriggan Enchanter)             Turns: 3163, Time: 00:08:11

Health: 0/24       AC:  3    Str:  7    XL:     5   Next: 80%
Magic:  4/11       EV: 20    Int: 16    God:
Gold:   137        SH:  0    Dex: 18    Spells: 5/11 levels left

rFire    . . .     SeeInvis +   a - +1 dagger
rCold    . . .     Gourm    .   (shield restricted)
rNeg     . . .     Faith    .   b - +0 robe
rPois    +         Spirit   .   h - +0 hat
rElec    .         Reflect  .   t - +0 cloak
rCorr    .         Harm     .   (gloves unavailable)
MR       .....                  (boots unavailable)
Stlth    +++.......             k - amulet of rage
HPRegen  0.08/turn              l - ring of poison resistance
MPRegen  0.12/turn              m - +3 ring of strength

@: very slightly contaminated, very quick
A: very small, unfitting armour, see invisible, herbivore, speed 3, slow
metabolism 2
a: Evoke Berserk Rage


You were on level 3 of the Dungeon.
You were hungry.

You visited 1 branch of the dungeon, and saw 3 of its levels.

You collected 137 gold pieces.

Inventory:

Hand Weapons
 a - a +1 dagger (weapon)
 r - a cursed -1 hunting sling
Armour
 b - a +0 robe (worn)
 h - a +0 hat (worn)
 t - a +0 cloak (worn)
Jewellery
 k - an amulet of rage (around neck)
 l - a ring of poison resistance (left hand)
 m - a +3 ring of strength (right hand)
Scrolls
 c - 3 scrolls of noise {unknown}
 e - 2 scrolls of remove curse {unknown}
 f - 6 scrolls of identify {unknown}
 j - a scroll of amnesia {unknown}
 o - a scroll of fog {unknown}
 q - a scroll of teleportation {unknown}
Potions
 g - a potion of curing {unknown}
 i - a potion of flight {unknown}
 n - a potion of ambrosia {unknown}
 p - a potion of resistance {unknown}
 s - a potion of berserk rage {unknown}
 u - a potion of cancellation {unknown}
 v - a potion of brilliance {unknown}
Comestibles
 d - 4 rations


   Skills:
 + Level 2.1 Short Blades
 + Level 1.0 Slings
 * Level 4.4 Dodging
 * Level 6.0 Stealth
 * Level 3.8 Spellcasting
 * Level 4.6 Hexes
 * Level 1.6 Ice Magic


You had 5 spell levels left.
You knew the following spells:

 Your Spells              Type           Power        Failure   Level  Hunger
a - Corona                Hex            ###....      2%          1    None
b - Ensorcelled Hibernat  Hex/Ice        ##....       7%          2    ##.....
c - Confuse               Hex            ###.....     8%          3    ###....

Your spell library contained the following spells:

 Spells                   Type           Power        Failure   Level  Hunger
 Tukima's Dance           Hex            ###.....     8%          3    ###....
 Dazzling Spray           Conj/Hex       ##....       21%         3    ###....


Dungeon Overview and Level Annotations

Branches:
Dungeon (3/15)

Altars:


Innate Abilities, Weirdness & Mutations

You are very small and have problems with some larger weapons.
You are too small for most types of armour.
You have supernaturally acute eyesight. (SInv)
You are a herbivore.
You cover ground extremely quickly.
You need to consume almost no food.


Message History

Confirm with . or Enter, or press ? or * to list all spells.
Aiming: Ensorcelled Hibernation (safe; 7% risk of failure)
Press: ? - help, Shift-Dir - straight line, f - gnoll
Aim: a gnoll, wielding a +0 club (lightly wounded, chance to defeat MR: 52%)
The gnoll resists with significant effort.
The gnoll hits you with a +0 club.
Casting: Ensorcelled Hibernation (safe; 7% risk of failure)
Confirm with . or Enter, or press ? or * to list all spells.
Aiming: Ensorcelled Hibernation (safe; 7% risk of failure)
Press: ? - help, Shift-Dir - straight line, f/p - gnoll
Aim: a gnoll, wielding a +0 club (lightly wounded, chance to defeat MR: 52%)
The gnoll looks drowsy...
The helpless gnoll fails to defend itself.
You impale the gnoll!!
You kill the gnoll!
Your Slings skill increases to level 1!
The gnoll shouts!
The gnoll barely misses you.
The gnoll hits you from afar with a +0 spear!
You die...

#.# ##..# ##.##### #..###
#####...... ###(...##
........#.####(......##
........[....(....<..)
###................##
#..................
#...........)....#.
##.@.......##..#...#
##..g.<.(...###.....#
###..#..g....## ##.#...
#...#...####.## #.##.# #
##g###.#.## #..## #.##.#
#.#..###.#..####..###.##.#
#....#..$##..# ##..##.##..
####.g#.#####)# ##........
#.........###.######.......


You could see 3 gnolls.

Vanquished Creatures
  A scorpion (D:3)
  An orc wizard (D:3)
  7 gnolls
  3 adders (D:2)
  2 oozes
  A worm (D:2)
  A leopard gecko (D:3)
  3 orcs (D:3)
  4 ball pythons
  3 giant cockroaches
  3 goblins
  4 hobgoblins
  2 jackals (D:2)
  A quokka (D:2)
  4 bats
  6 frilled lizards
  7 kobolds
  14 rats
67 creatures vanquished.

Notes
Turn   | Place    | Note
-------+----------+-------------------------------------------
     0 | D:1      | Adamkad1 the Spriggan Enchanter began the quest for the
                  | Orb.
     0 | D:1      | Reached XP level 1. HP: 9/9 MP: 5/5
   298 | D:1      | Reached XP level 2. HP: 13/13 MP: 6/6
   307 | D:1      | Learned a level 2 spell: Ensorcelled Hibernation
  1061 | D:2      | Reached XP level 3. HP: 16/16 MP: 4/8
  1217 | D:2      | Learned a level 3 spell: Confuse
  1270 | D:2      | Reached skill level 5 in Stealth
  1547 | D:2      | Reached skill level 1 in Ice Magic
  1699 | D:2      | Reached XP level 4. HP: 21/21 MP: 6/9
  2676 | D:3      | Reached XP level 5. HP: 24/24 MP: 6/11
  3144 | D:3      | Reached skill level 6 in Stealth
  3148 | D:3      | Reached skill level 1 in Slings
  3163 | D:3      | Slain by a gnoll

Vault maps used:
D:1:      onia_arrival_handbag
D:2:      minmay_pentomino_v4
D:3:      nicolae_gozag_seed_capital, first_ration, uniq_sigmund

Skill      XL: |  1  2  3  4  5 |
---------------+----------------+-----
Spellcasting   | 3 |  3.8
Hexes          | 4 |  4.6
Stealth        | 5 6 |  6.0
Ice Magic      | 1 |  1.6
Dodging        | 4 |  4.4
Short Blades   | 2 |  2.1
Slings         | 1 |  1.0

Action                   |  1- 3 |  4- 6 || total
-------------------------+-------+-------++-------
Melee: Dagger            |   120 |    82 ||   202
 Cast: Corona            |    11 |       ||    11
       Ensorcelled Hiber |    18 |    28 ||    46
 Stab: Sleeping          |    24 |    15 ||    39
  Eat: Ration            |       |     1 ||     1
Armor: Robe              |    10 |     2 ||    12
Dodge: Dodged            |   102 |   101 ||   203

Table legend:
 A = Non-vault XP
 B = Vault XP
 C = Vault XP percentage of total XP
 D = Non-vault monster count
 E = Vault monster count
 F = Vault count percentage of total count
                 A         B        C        D         E       F
            +---------+---------+-------+---------+---------+-------
      Total |     336 |       8 |   2.3 |      62 |       5 |   7.5
            +---------+---------+-------+---------+---------+-------
        D:1 |      23 |       6 |  20.7 |      13 |       4 |  23.5
        D:2 |     118 |       2 |   1.7 |      34 |       1 |   2.9
        D:3 |     195 |       0 |   0.0 |      15 |       0 |   0.0
            +---------+---------+-------+---------+---------+-------
